Map: Pillars of Gold LE

Players

DisK

  • Race: Protoss Protoss
  • Spawn Location: 7:00

Namshar - Winner!

  • Race: Zerg Zerg
  • League: Master
  • Spawn Location: 1:00

Event: DreamHack SC2 Masters 2020 Winter

VOD

Have the link to the VOD?

Description

Time

  • Played on: Oct. 13, 2020, 7:52 p.m.
  • Length: 13:08

All games in this series

Show
View Real Time Build Order
Export as new Build Order

DisK Protoss 

Build Orders: 1 Gate Expand, Oracle Opening 

Get SALT Encoding   

  12  0:00  Probe  
  13  0:12  Probe  
  14  0:19  Pylon  
  14  0:24  Probe  
  15  0:37  Probe (Chrono Boost)  
  15  0:40  Gateway  
  16  0:47  Probe (Chrono Boost)  
  16  0:48  Assimilator  
  17  0:52  Probe (Chrono Boost)  
  18  1:04  Probe  
  19  1:17  Probe  
  20  1:27  Cybernetics Core  
  20  1:38  Nexus  
  20  1:42  Probe  
  21  1:48  Pylon  
  21  1:54  Probe  
  21  1:56  Assimilator  
  22  2:04  Adept (Chrono Boost)  
  22  2:07  Probe  
  25  2:22  Gateway  
  24  2:24  Probe  
  24  2:29  Stargate  
  25  2:31  Adept  
  27  2:37  Probe (Chrono Boost)  
  27  2:41  Warp Gate  
  28  2:49  Probe (Chrono Boost)  
  30  2:52  Probe (Chrono Boost)  
  30  2:58  Probe (Chrono Boost)  
  31  3:00  Probe (Chrono Boost)  
  31  3:01  Gateway  
  32  3:05  Probe  
  32  3:06  Probe  
  34  3:13  Oracle (Chrono Boost)  
  34  3:18  Probe  
  38  3:22  Probe  
  39  3:27  Pylon  
  39  3:30  Probe  
  40  3:34  Probe  
  41  3:42  Probe  
  41  3:46  Probe  
  43  3:50  Oracle  
  43  3:54  Assimilator, Probe  
  43  3:55  Robotics Facility  
  45  3:59  Probe  
  46  4:02  Pylon  
  46  4:06  Probe  
  47  4:11  Probe  
  47  4:15  Assimilator  
  48  4:18  Probe  
  49  4:26  Probe  
  49  4:29  Stalker  
  49  4:31  Probe  
  53  4:33  Adept  
  53  4:38  Probe  
  56  4:42  Nexus  
  56  4:43  Pylon, Probe  
  57  4:50  Immortal  
  61  4:56  Pylon, Probe  
  62  5:05  Probe  
  63  5:08  Probe  
  63  5:10  Forge, Twilight Council  
  63  5:13  Shield Battery  
  64  5:17  Sentry x2  
  64  5:18  Probe (Chrono Boost)  
  64  5:20  Probe (Chrono Boost)  
  71  5:29  Probe (Chrono Boost)  
  71  5:30  Pylon, Probe (Chrono Boost)  
  71  5:34  Probe (Chrono Boost)  
  73  5:36  Probe  
  73  5:38  Protoss Ground Weapons Level 1  
  74  5:45  Probe  
  74  5:46  Adept  
  74  5:48  Probe  
  78  5:50  Gateway, Blink (Chrono Boost)  
  78  5:52  Gateway  
  78  5:55  Probe  
  79  6:00  Observer  
  79  6:02  Probe (Chrono Boost)  
  82  6:04  Probe (Chrono Boost)  
  82  6:07  Probe (Chrono Boost)  
  83  6:11  Sentry x2  
  83  6:14  Pylon  
  83  6:16  Pylon, Probe (Chrono Boost)  
  83  6:17  Probe (Chrono Boost)  
  89  6:19  Assimilator x2  
  89  6:20  Probe x2 (Chrono Boost)  
  91  6:25  Robotics Bay  
  91  6:31  Immortal (Chrono Boost)  
  95  6:34  Gateway  
  95  6:36  Probe x2  
  97  6:47  Probe  
  97  6:48  Probe x2  
  97  6:52  Gateway, Robotics Facility  
  100  6:54  Stalker x2  
  100  6:56  Pylon  
  100  6:59  Pylon, Probe  
  105  7:07  Probe x2  
  107  7:09  Stalker x2  
  107  7:11  Probe  
  107  7:14  Pylon  
  112  7:16  Pylon  
  110  7:29  Photon Cannon, Nexus  
  110  7:31  Pylon  
  110  7:32  Stalker  
  110  7:33  Stalker  
  110  7:36  Charge (Chrono Boost)  
  112  7:37  Stalker  
  112  7:44  Probe x3  
  115  7:48  Disruptor x2  
  121  7:55  Gateway  
  121  7:58  Gateway  
  121  8:03  Sentry x4  
  121  8:04  Probe x2  
  121  8:05  Probe  
  132  8:06  Shield Battery, Protoss Ground Weapons Level 2 (Chrono Boost)  
  132  8:08  Photon Cannon  
  132  8:11  Pylon  
  132  8:12  Observer  
  132  8:23  Stalker x2  
  132  8:25  Probe x2  
  138  8:27  Disruptor x2  
  144  8:36  Stalker x3  
  150  8:44  Photon Cannon  
  150  8:47  Gateway  
  150  8:50  Gateway  
  150  8:51  Gateway  
  150  8:58  Assimilator  
  150  8:59  Assimilator  
  150  9:00  Zealot x3  
  156  9:05  Warp Prism  
  156  9:06  Observer  
  159  9:10  Probe  
  159  9:12  Pylon  
  159  9:31  Zealot x5  
  169  9:32  Zealot  
  169  9:33  Photon Cannon  
  169  9:34  Photon Cannon  
  169  9:35  Shield Battery  
  169  9:36  Shield Battery  
  169  9:41  Templar Archives  
  169  9:42  Colossus (Chrono Boost)  
  169  9:43  Colossus (Chrono Boost)  
  165  9:49  Extended Thermal Lance  
  177  10:01  Stalker x4  
  177  10:04  Pylon  
  177  10:06  Pylon  
  185  10:11  Photon Cannon  
  181  10:21  Pylon  
  181  10:23  Nexus  
  179  10:32  Zealot x6  
  179  10:33  Zealot  
  169  10:46  Zealot x4  
  165  10:58  Zealot x7  
  165  11:15  Fleet Beacon  
  165  11:17  Stargate  
  163  11:18  Psionic Storm  
  163  11:25  High Templar x3  
  163  11:26  High Templar x3  
  173  11:33  Stalker x5  
  173  11:39  Archon  
  163  11:56  Zealot x5  
  163  11:58  Zealot  
  163  11:59  Zealot x2  
  139  12:15  Immortal x2  
  100  12:35  High Templar x5  
  100  12:36  High Templar, Zealot  
  114  12:40  Archon x2  
  114  12:41  Archon  
  114  12:43  Assimilator  
  114  12:44  Pylon  
  120  12:59  Zealot  
Show
View Real Time Build Order
Export as new Build Order

Namshar Zerg - Winner!

Build Orders: Pool First, Lurkers, Roach Hydra 

Get SALT Encoding   

  12  0:00  Drone  
  13  0:12  Overlord  
  13  0:17  Drone  
  14  0:31  Drone x2  
  14  0:35  Drone  
  17  0:45  Spawning Pool  
  17  0:49  Drone  
  17  0:57  Drone  
  18  1:13  Extractor, Hatchery  
  18  1:18  Drone  
  17  1:21  Drone  
  18  1:31  Zergling x2  
  19  1:34  Queen  
  21  1:41  Overlord  
  21  1:50  Drone  
  22  2:02  Drone  
  23  2:09  Queen  
  23  2:13  Metabolic Boost  
  23  2:15  Drone  
  26  2:24  Drone  
  26  2:25  Drone  
  28  2:36  Drone x2  
  30  2:44  Drone x3  
  33  2:50  Drone x2  
  35  2:54  Hatchery  
  35  2:57  Overlord  
  34  3:07  Zergling x2  
  34  3:08  Zergling x2  
  36  3:15  Queen  
  36  3:17  Drone x3  
  36  3:18  Drone  
  36  3:19  Drone  
  43  3:25  Drone  
  44  3:30  Overlord x2  
  43  3:47  Drone  
  43  3:50  Overlord  
  43  3:52  Drone, Spore Crawler, Queen  
  45  3:58  Spore Crawler  
  45  3:59  Drone x3  
  45  4:00  Roach Warren  
  46  4:08  Spore Crawler  
  45  4:10  Spore Crawler, Extractor  
  45  4:17  Drone x6  
  51  4:25  Drone x6  
  57  4:32  Drone, Spore Crawler  
  57  4:33  Lair  
  57  4:39  Drone, Overlord  
  57  4:40  Drone  
  57  4:42  Extractor  
  57  4:43  Extractor  
  57  4:47  Drone  
  57  4:48  Drone x2  
  57  4:50  Zergling x2  
  61  4:57  Overlord x3  
  61  5:05  Drone x5  
  61  5:06  Queen  
  66  5:12  Evolution Chamber  
  67  5:15  Overlord  
  67  5:16  Drone x2, Zergling x2  
  67  5:17  Zergling x2  
  71  5:23  Overlord  
  73  5:29  Pneumatized Carapace  
  73  5:30  Drone x7  
  73  5:32  Glial Reconstitution  
  73  5:34  Extractor  
  73  5:36  Extractor  
  71  5:46  Drone x2  
  73  5:53  Roach x4  
  81  5:57  Roach x2  
  81  6:00  Overlord  
  81  6:02  Hatchery  
  83  6:05  Zerg Missile Weapons Level 1  
  83  6:06  Queen  
  83  6:10  Overseer  
  84  6:12  Drone  
  84  6:13  Drone  
  84  6:14  Drone x2  
  84  6:15  Drone  
  89  6:20  Drone  
  90  6:26  Overlord  
  90  6:29  Drone  
  90  6:30  Drone x3  
  90  6:31  Extractor  
  90  6:32  Drone  
  94  6:34  Overlord x3  
  94  6:40  Roach  
  94  6:41  Roach x2  
  98  6:49  Hydralisk Den  
  98  6:53  Drone x10  
  107  7:03  Drone x3  
  108  7:11  Drone x2, Infestation Pit  
  109  7:16  Drone, Extractor  
  109  7:17  Extractor  
  109  7:20  Roach x7  
  116  7:27  Roach x3  
  116  7:28  Hatchery  
  119  7:40  Roach x10  
  119  7:43  Grooved Spines  
  135  7:49  Drone x6  
  141  7:52  Hive  
  141  7:54  Lurker Den  
  140  8:02  Ravager x2  
  140  8:03  Ravager x2  
  144  8:06  Zerg Missile Weapons Level 2  
  144  8:09  Drone x2  
  146  8:15  Overlord x3  
  146  8:16  Overseer, Overlord x3  
  146  8:19  Zergling x6  
  150  8:20  Zergling x2  
  150  8:22  Extractor  
  150  8:25  Extractor  
  148  8:35  Hydralisk x8  
  164  8:45  Hydralisk  
  164  8:46  Hydralisk x4  
  174  8:54  Muscular Augments  
  174  8:58  Drone x2, Spore Crawler  
  174  9:00  Spine Crawler  
  174  9:03  Hydralisk  
  174  9:04  Hydralisk x5  
  174  9:06  Seismic Spines  
  186  9:11  Viper x2  
  186  9:12  Viper  
  195  9:19  Lurker x2  
  195  9:22  Overseer  
  195  9:24  Drone x5  
  198  9:39  Hatchery  
  198  9:43  Spine Crawler  
  198  9:44  Spine Crawler  
  194  9:51  Lurker x5  
  199  10:03  Adaptive Talons  
  199  10:07  Overseer  
  199  10:08  Overseer  
  199  10:14  Spine Crawler x3  
  199  10:16  Spine Crawler  
  195  10:22  Spine Crawler  
  191  10:37  Hydralisk x6  
  197  10:47  Hydralisk x3  
  188  11:04  Lurker  
  188  11:05  Lurker x10  
  189  11:17  Drone x3  
  184  11:18  Spine Crawler  
  184  11:22  Drone x5  
  184  11:23  Drone  
  189  11:28  Lurker  
  189  11:29  Lurker  
  189  11:30  Hydralisk  
  189  11:31  Hydralisk  
  195  11:39  Extractor x2  
  193  11:49  Hydralisk x6  
  195  11:59  Hydralisk x2  
  185  12:13  Hydralisk x10  
  171  12:16  Hydralisk x14  
  171  12:19  Viper x2  
  189  12:29  Overlord x2  
  182  12:30  Overlord x3  
  182  12:42  Overlord x2  
  182  12:46  Overlord x2  
  182  12:47  Overseer x2  
  182  12:49  Lurker x3  
  182  12:50  Lurker x2  
Tags
 
Add a new tag
Caveats
  • Supply blocks, unpowered buildings, or Contaminate may cause inaccurate times.
  • Supply counts are checked every 10 seconds.